Map: Alcyone LE

Players

Rhizer - Winner!

  • Race: Protoss Protoss
  • Spawn Location: 1:00

Epic

  • Race: Terran Terran
  • Spawn Location: 7:00

Event: ESL Spring 2024 Finals

VOD

Have the link to the VOD?

Description

Time

  • Played on: May 31, 2024, 12:34 p.m.
  • Length: 14:46

All games in this series

Show
View Real Time Build Order
Export as new Build Order

Rhizer Protoss - Winner!

Build Orders: 1 Gate Expand, Phoenix Opening, Carriers 

Get SALT Encoding   

  12  0:00  Probe  
  13  0:12  Probe  
  14  0:19  Pylon  
  14  0:24  Probe (Chrono Boost)  
  15  0:37  Gateway, Probe (Chrono Boost)  
  16  0:46  Assimilator, Probe (Chrono Boost)  
  17  0:51  Probe  
  18  1:03  Probe  
  19  1:15  Probe  
  20  1:22  Nexus  
  20  1:32  Cybernetics Core  
  20  1:36  Probe  
  21  1:44  Assimilator  
  21  1:48  Probe  
  21  1:53  Pylon  
  22  2:00  Probe  
  23  2:09  Adept (Chrono Boost)  
  23  2:12  Probe  
  26  2:17  Stargate  
  26  2:22  Shield Battery  
  26  2:25  Probe  
  27  2:37  Probe x2  
  28  2:41  Adept  
  31  2:46  Warp Gate  
  31  2:49  Probe  
  32  2:51  Probe  
  33  3:01  Probe  
  33  3:03  Probe  
  33  3:04  Phoenix (Chrono Boost)  
  37  3:13  Probe  
  37  3:16  Probe  
  39  3:20  Phoenix (Chrono Boost)  
  39  3:25  Probe  
  42  3:27  Shield Battery  
  42  3:29  Pylon  
  42  3:30  Probe  
  42  3:42  Stalker, Phoenix (Chrono Boost)  
  42  3:48  Pylon  
  46  3:56  Gateway  
  46  3:59  Probe  
  46  4:00  Phoenix  
  46  4:01  Probe  
  50  4:09  Assimilator  
  50  4:11  Assimilator  
  50  4:17  Robotics Facility  
  50  4:26  Shield Battery  
  50  4:34  Stalker  
  50  4:35  Probe  
  50  4:36  Shield Battery  
  53  4:41  Probe  
  54  4:47  Probe, Pylon  
  54  4:52  Stalker  
  57  4:53  Probe  
  57  4:54  Phoenix  
  57  4:57  Pylon  
  60  5:03  Stalker  
  60  5:05  Immortal (Chrono Boost)  
  62  5:07  Probe  
  62  5:13  Probe  
  68  5:16  Stalker  
  68  5:19  Probe  
  68  5:21  Pylon  
  71  5:25  Probe  
  72  5:31  Probe  
  73  5:37  Warp Prism (Chrono Boost)  
  73  5:41  Robotics Bay  
  75  5:44  Zealot x2  
  77  5:52  Probe  
  74  6:08  Probe  
  74  6:09  Probe  
  74  6:18  Nexus  
  74  6:20  Stargate  
  74  6:21  Fleet Beacon, Probe  
  75  6:32  Probe  
  76  6:33  Extended Thermal Lance  
  76  6:35  Colossus (Chrono Boost)  
  76  6:37  Pylon  
  82  6:44  Zealot  
  84  6:50  Probe  
  85  6:56  Probe  
  86  7:02  Probe  
  93  7:09  Probe  
  93  7:10  Carrier (Chrono Boost)  
  93  7:12  Assimilator  
  94  7:16  Assimilator  
  94  7:19  Pylon  
  94  7:22  Protoss Air Weapons Level 1 (Chrono Boost)  
  94  7:27  Carrier (Chrono Boost)  
  94  7:30  Shield Battery, Probe (Chrono Boost)  
  94  7:33  Probe (Chrono Boost)  
  94  7:34  Probe (Chrono Boost)  
  94  7:36  Forge  
  103  7:42  Probe (Chrono Boost)  
  105  7:45  Colossus  
  105  7:46  Probe (Chrono Boost)  
  105  7:47  Probe (Chrono Boost)  
  110  7:58  Probe x2  
  110  8:04  Zealot x2  
  112  8:12  Probe  
  112  8:21  Probe x2  
  112  8:26  Probe  
  111  8:33  Carrier (Chrono Boost)  
  111  8:40  Carrier (Chrono Boost)  
  112  8:44  Pylon  
  112  8:47  Pylon  
  117  8:49  Gateway  
  117  8:50  Gateway  
  117  8:55  Pylon  
  117  9:02  Probe x3  
  121  9:03  Observer (Chrono Boost)  
  121  9:04  Twilight Council  
  121  9:08  Photon Cannon  
  121  9:11  Gateway  
  121  9:14  Probe  
  122  9:18  Colossus  
  125  9:27  Protoss Air Weapons Level 2 (Chrono Boost)  
  125  9:30  Zealot x2  
  114  9:32  Probe x2  
  114  9:33  Probe  
  110  9:44  Probe  
  110  9:45  Probe x2  
  119  9:53  Carrier (Chrono Boost)  
  119  9:57  Probe x2  
  121  10:04  Carrier (Chrono Boost)  
  121  10:07  Charge (Chrono Boost)  
  127  10:13  Zealot x3  
  133  10:21  Pylon  
  133  10:33  Nexus  
  133  10:39  Warp Prism  
  133  10:41  Stalker  
  133  10:42  Stalker x2  
  140  10:50  Pylon  
  140  10:51  Pylon  
  140  10:54  Pylon  
  138  11:09  Carrier (Chrono Boost)  
  138  11:15  Observer  
  151  11:19  Carrier (Chrono Boost)  
  151  11:30  Blink (Chrono Boost)  
  157  11:32  Disruptor (Chrono Boost), Pylon  
  157  11:38  Shield Battery  
  161  11:41  Zealot, Observer  
  161  11:42  Zealot  
  161  11:43  Mothership (Chrono Boost)  
  159  12:00  Templar Archives  
  157  12:02  Disruptor (Chrono Boost), Probe  
  157  12:03  Probe x2  
  164  12:09  Protoss Air Weapons Level 3 (Chrono Boost)  
  163  12:17  Stalker x3  
  163  12:19  Stalker  
  171  12:29  Disruptor, Probe x3  
  178  12:32  Shield Battery  
  178  12:34  Pylon  
  178  12:35  Protoss Ground Weapons Level 1  
  178  12:43  Shield Battery  
  178  12:51  Zealot x4  
  170  12:58  Carrier (Chrono Boost)  
  182  13:09  Warp Prism (Chrono Boost)  
  184  13:14  High Templar  
  184  13:15  High Templar  
  184  13:17  Stalker  
  184  13:18  Stalker  
  184  13:19  Archon  
  168  13:41  Stalker x3  
  168  13:42  Carrier (Chrono Boost)  
  180  13:51  Stalker x2  
  184  13:55  Gateway  
  184  13:58  Gateway  
  184  13:59  Photon Cannon  
  184  14:01  Photon Cannon  
  178  14:17  Stalker x5  
  158  14:40  Zealot x5  
Show
View Real Time Build Order
Export as new Build Order

Epic Terran 

Build Orders: Cyclone Opening 

Get SALT Encoding   

  12  0:00  SCV  
  13  0:12  SCV  
  14  0:17  Supply Depot  
  14  0:24  SCV  
  15  0:38  SCV  
  15  0:40  Barracks  
  16  0:44  Refinery  
  16  0:50  SCV  
  16  0:52  Refinery  
  17  1:02  SCV  
  18  1:14  SCV  
  19  1:27  Orbital Command, Reaper  
  19  1:28  Supply Depot  
  20  1:39  Factory  
  20  1:53  SCV  
  22  2:03  Barracks Reactor  
  22  2:05  SCV  
  22  2:15  Command Center  
  22  2:17  SCV  
  23  2:24  Cyclone  
  25  2:33  SCV  
  26  2:39  Starport  
  26  2:42  Supply Depot  
  26  2:46  Marine x2  
  26  2:48  SCV  
  29  2:57  Widow Mine  
  31  3:04  SCV, Marine x2  
  34  3:17  Liberator  
  34  3:18  Cyclone  
  38  3:22  SCV  
  39  3:27  Marine x2  
  39  3:33  Orbital Command  
  41  3:35  SCV  
  42  3:41  Supply Depot  
  42  3:45  Marine  
  42  3:46  Marine  
  42  3:48  SCV  
  45  3:50  Orbital Command  
  45  3:55  Cyclone  
  47  4:00  SCV  
  48  4:03  Medivac  
  48  4:07  Marine  
  48  4:09  Marine  
  52  4:13  SCV  
  53  4:17  SCV  
  54  4:27  Supply Depot  
  54  4:28  SCV  
  54  4:29  SCV  
  54  4:30  Marine x2  
  58  4:35  Factory Tech Lab  
  58  4:41  SCV x2  
  60  4:48  Marine x2  
  60  4:50  Viking  
  63  4:54  SCV x2, Barracks  
  64  5:02  Barracks  
  64  5:06  Marine x2  
  66  5:12  SCV  
  66  5:13  SCV  
  67  5:20  Engineering Bay  
  66  5:23  Supply Depot  
  66  5:27  SCV x2  
  68  5:31  Bunker  
  68  5:33  Marine x2, Refinery  
  68  5:34  Refinery  
  68  5:35  Bunker  
  70  5:40  SCV  
  70  5:45  SCV  
  70  5:46  Supply Depot, Terran Infantry Weapons Level 1  
  70  5:48  Barracks Tech Lab  
  69  5:54  Marauder, Stimpack  
  69  5:55  Marine x2  
  69  5:56  Starport Reactor, Factory Tech Lab  
  69  5:57  Bunker  
  69  6:02  SCV x2  
  67  6:07  Marauder  
  65  6:13  Marine x2  
  65  6:16  SCV x2, Marauder  
  65  6:18  Combat Shield  
  70  6:23  Missile Turret  
  70  6:28  SCV x2  
  70  6:29  Marauder  
  74  6:37  Marauder, Medivac x2  
  80  6:41  SCV x2  
  80  6:46  Marine x2  
  80  6:47  Command Center  
  84  6:52  Supply Depot  
  84  6:54  Supply Depot  
  84  6:55  Marauder  
  84  6:58  Missile Turret  
  86  7:13  Medivac  
  86  7:15  Barracks, Medivac  
  88  7:16  Barracks  
  88  7:17  Supply Depot  
  88  7:21  SCV x2  
  92  7:23  Factory Reactor  
  92  7:24  Marine, Marauder x2  
  92  7:25  Marine  
  92  7:29  Supply Depot  
  98  7:35  Supply Depot  
  98  7:45  SCV x2  
  98  7:46  Terran Infantry Armor Level 1  
  98  7:48  Supply Depot  
  100  7:52  Marine  
  100  7:53  Marine, Marauder x2  
  106  7:59  Medivac x2  
  108  8:08  Marauder  
  108  8:11  Orbital Command, SCV x2  
  106  8:14  Marauder  
  106  8:15  Marine x2  
  106  8:16  Barracks Reactor  
  109  8:25  Widow Mine x2  
  113  8:28  SCV x2  
  113  8:30  Missile Turret  
  113  8:33  Orbital Command  
  115  8:35  Marauder x2  
  115  8:40  SCV x2  
  121  8:45  Ghost Academy  
  121  8:53  SCV x2  
  121  8:54  Starport  
  123  9:01  Supply Depot  
  123  9:08  SCV x3  
  126  9:10  Viking x2  
  126  9:15  Supply Depot, Missile Turret  
  130  9:21  Ghost  
  130  9:22  Ghost x2  
  123  9:34  Viking x2  
  123  9:37  Starport x2  
  105  9:39  SCV x3  
  105  9:42  Refinery  
  105  9:43  Refinery  
  100  9:45  Marine x2  
  100  9:46  Marine x2  
  100  9:50  Ghost x2  
  108  9:56  Viking x2  
  112  10:08  Command Center  
  112  10:10  Viking  
  112  10:11  Command Center, Viking  
  87  10:14  Viking  
  116  10:15  Marine x3  
  116  10:16  Marine  
  116  10:20  Viking  
  124  10:27  Armory  
  126  10:30  Medivac  
  126  10:33  Medivac  
  126  10:35  Marine x4  
  130  10:42  Viking  
  134  10:45  Command Center  
  134  10:48  Ghost  
  136  10:55  Ghost, Missile Turret  
  138  10:59  Marine x4  
  138  11:02  Viking  
  138  11:03  Viking  
  146  11:11  Ghost  
  144  11:15  Supply Depot  
  144  11:16  Marine  
  144  11:17  Terran Vehicle And Ship Armor Level 1, Marine x3  
  144  11:18  Supply Depot  
  150  11:20  Orbital Command  
  150  11:22  SCV x3  
  150  11:24  Orbital Command  
  153  11:29  Viking  
  153  11:31  Marine x2  
  157  11:34  Marine x2  
  157  11:36  Viking  
  157  11:39  Liberator  
  164  11:44  SCV x3  
  167  11:50  Ghost x2  
  167  11:53  Marine x2  
  173  11:59  Orbital Command  
  173  12:04  Viking x2  
  177  12:11  Viking x2  
  181  12:17  Refinery, Armory  
  181  12:21  Refinery  
  181  12:23  Marine x2, Refinery  
  181  12:24  Marine  
  181  12:29  Missile Turret  
  184  12:30  Viking x2  
  188  12:38  Marine x3  
  188  12:39  Marine  
  174  12:53  Viking x3  
  180  13:01  Starport Reactor  
  180  13:02  Starport Reactor  
  180  13:07  Starport  
  180  13:10  Starport  
  180  13:11  Marine x3, Ghost  
  180  13:12  Marine, Ghost x2  
  188  13:17  Barracks  
  188  13:19  Barracks x2  
  190  13:22  Viking  
  190  13:23  Viking  
  172  13:37  Viking x2  
  154  13:41  Ghost x2  
  154  13:42  Marine x4, Ghost  
  154  13:44  Viking  
  158  13:50  Viking x2  
  162  13:59  Viking x3  
  168  14:09  Marine x4  
  172  14:10  Ghost  
  168  14:20  Marine x4  
Tags
 
Add a new tag
Caveats
  • Supply blocks, unpowered buildings, or Contaminate may cause inaccurate times.
  • Supply counts are checked every 10 seconds.